 Dungeon Crawl Stone Soup version 0.30-a0-937-ga0a21ad780 (webtiles) character file.

Game seed: 14414949589760745180

970 Darius099 the Skirmisher (level 8, 0/57 HPs)
             Began as a Barachi Hunter on Mar 24, 2023.
             Slain by an ice beast (10 damage)
             ... on level 6 of the Dungeon.
             The game lasted 00:08:32 (3235 turns).

Darius099 the Skirmisher (Barachi Hunter)           Turns: 3235, Time: 00:08:33

Health: 0/57       AC:  6    Str: 13    XL:     8   Next: 16%
Magic:  8/8        EV: 12    Int: 10    God:
Gold:   226        SH:  0    Dex: 17    Spells: 7/7 levels left

rFire   . . .      SeeInvis .    a - +0 shortbow
rCold   . . .      Faith    .    (shield currently unavailable)
rNeg    . . .      Spirit   .    r - +0 troll leather armour {Pargi}
rPois   .          Reflect  .    (no helmet)
rElec   .          Rampage  .    (no cloak)
rCorr   .                        j - +1 pair of gloves
Will    .....                    (no boots)
Stlth   ++                       q - amulet of regeneration
HPRegen 1.89/turn                (no ring)
MPRegen 0.11/turn                (no ring)

@: slow
A: amphibious, slowness 1, strong legs 1, +LOS
a: Hop


You were on level 6 of the Dungeon.
You visited 1 branch of the dungeon, and saw 6 of its levels.

You collected 226 gold pieces.

Inventory:

Hand Weapons
 a - a +0 shortbow (weapon)
 o - a +2 whip of holy wrath
 y - a +0 falchion
Armour
 j - a +1 pair of gloves (worn)
 r - a +0 troll leather armour (worn) {Pargi}
Jewellery
 q - an amulet of regeneration (around neck)
 w - a ring of resist corrosion
Wands
 u - a wand of quicksilver (5)
Scrolls
 b - 2 scrolls of immolation
 c - 2 scrolls of fog {unknown}
 d - 6 scrolls of identify {unknown}
 f - 2 scrolls of enchant armour {unknown}
 h - 2 scrolls of noise {unknown}
 i - 2 scrolls of teleportation {unknown}
 l - a scroll of blinking {unknown}
 s - a scroll of amnesia {unknown}
 x - a scroll of enchant weapon {unknown}
Potions
 e - 3 potions of haste {unknown}
 g - a potion of resistance {unknown}
 k - 2 potions of attraction {unknown}
 m - 3 potions of lignification {unknown}
 n - 2 potions of might {unknown}
 p - a potion of berserk rage {unknown}
 t - a potion of curing {unknown}
 v - 2 potions of degeneration {unknown}


   Skills:
 - Level 2.4 Fighting
 + Level 10.0 Ranged Weapons
 - Level 2.1 Dodging
 - Level 0.8 Stealth


You had 7 spell levels left.
You didn't know any spells.
Your spell library contained the following spells:

 Spells                   Type           Power      Damage    Failure   Level
 Lesser Beckoning         Tloc           0%         N/A       58%         2
 Gell's Gravitas          Tloc           0%         N/A       82%         3
 Teleport Other           Tloc           0%         N/A       82%         3
 Summon Forest            Summ/Tloc      0%         N/A       100%        5
 Summon Mana Viper        Hex/Summ       0%         N/A       100%        5
 Summon Cactus Giant      Summ           0%         N/A       100%        6


Dungeon Overview and Level Annotations

Branches:
Dungeon (6/15)             Temple (0/1) D:5

Altars:


Innate Abilities, Weirdness & Mutations

You are amphibious.
You cover ground slowly.
You can hop short distances.
You have an extended range of vision and can be seen from far away.


Message History

The ice beast is lightly wounded.
The orc warrior barely misses you. The ice beast barely misses you.
The orc hits you but does no damage.
You shoot an arrow. The arrow closely misses the ice beast.
The arrow hits the orc warrior.
The orc warrior is lightly wounded.
The orc warrior hits you from afar with a +0 trident!
The ice beast barely misses you. The orc barely misses you.
You shoot an arrow. The arrow hits the ice beast.
The ice beast is moderately wounded.
The orc warrior closely misses you.
The ice beast hits you but does no damage.
The orc hits you with a +0 short sword.
You shoot an arrow. The arrow hits the ice beast.
The ice beast is heavily wounded.
The orc warrior hits you from afar with a +0 trident!
The ice beast hits you. The ice beast freezes you! The orc barely misses you.
You shoot an arrow. The arrow hits the ice beast!
The ice beast is severely wounded.
The orc warrior barely misses you. The ice beast hits you.
The ice beast freezes you! The orc hits you with a +0 short sword.
You are too injured to fight recklessly!
You are too injured to fight recklessly!
You are too injured to fight recklessly!
You are too injured to fight recklessly!
You shoot an arrow.
The arrow hits the ice beast but does no damage.
The ice beast is severely wounded.
The orc warrior completely misses you.
The ice beast hits you but does no damage.
The orc hits you with a +0 short sword.
You shoot an arrow. The arrow closely misses the ice beast.
The arrow hits the orc warrior.
The orc warrior is lightly wounded.
The orc warrior hits you from afar with a +0 trident!
* * * LOW HITPOINT WARNING * * *
The ice beast hits you.
* * * LOW HITPOINT WARNING * * *
The ice beast freezes you!
You die...

#.......##
##........#
#.....#...#
#......#...#
............#
.............##
.........#.....#
##.##...###o†.##
.. .... ##@..#
... #..Y!...# ..
#.o......#
#...###...#
...#. ##..#
.....#. .## ....
. # ... . .. #.


You could see an orc warrior, an ice beast and an orc.

Vanquished Creatures
  A water moccasin (D:5)
  Pargi (D:3)
  A centaur (D:5)
  2 ogres (D:5)
  A phantom (D:5)
  A bullfrog (D:6)
  A scorpion (D:4)
  A hound (D:5)
  An orc priest (D:5)
  A jelly (D:5)
  An iguana (D:4)
  A sleepcap (D:5)
  An orc wizard (D:6)
  7 gnolls
  2 adders (D:2)
  A white imp (D:3)
  A worm (D:2)
  4 dart slugs
  8 orcs
  7 endoplasms
  4 giant cockroaches
  4 goblins
  5 hobgoblins
  4 kobolds
  2 quokkas (D:2)
  5 ball pythons
  8 bats
  2 frilled lizards
  3 rats
81 creatures vanquished.

Notes
Turn   | Place    | Note
-------+----------+-------------------------------------------
     0 | D:1      | Darius099 the Barachi Hunter began the quest for the Orb.
     0 | D:1      | Reached XP level 1. HP: 17/17 MP: 1/1
   212 | D:1      | Reached XP level 2. HP: 23/23 MP: 2/2
   666 | D:1      | Reached XP level 3. HP: 28/28 MP: 3/3
   771 | D:2      | Reached skill level 5 in Ranged Weapons
  1075 | D:2      | Reached XP level 4. HP: 34/34 MP: 4/4
  1200 | D:2      | Reached skill level 6 in Ranged Weapons
  1569 | D:3      | Reached XP level 5. HP: 39/39 MP: 5/5
  1753 | D:3      | Noticed Pargi
  1769 | D:3      | Killed Pargi
  1770 | D:3      | Reached skill level 7 in Ranged Weapons
  2070 | D:4      | Reached XP level 6. HP: 46/46 MP: 6/6
  2611 | D:5      | Entered Level 5 of the Dungeon
  2704 | D:5      | Reached skill level 8 in Ranged Weapons
  2738 | D:5      | Reached XP level 7. HP: 51/51 MP: 7/7
  2847 | D:5      | Found a staircase to the Ecumenical Temple.
  2860 | D:5      | Reached skill level 9 in Ranged Weapons
  3134 | D:5      | Reached XP level 8. HP: 57/57 MP: 8/8
  3220 | D:6      | Reached skill level 10 in Ranged Weapons
  3235 | D:6      | Slain by an ice beast

Illustrated notes

Levels and vault maps discovered:
D:1:      minmay_arrival_split_and_join, layout_loops_ring, minmay_fountain_box,
          minmay_misc_feat_doors, corexii_leaking_fountain
D:2:      layout_rooms
D:3:      layout_loops_ring, uniq_pargi
D:4:      layout_loops_ring, corexii_item_surrounded_by_moat, hex_tiny
D:5:      layout_gridville, minmay_temple_entry_junction_2,
          kb_lookout_dungeons_type
D:6:      layout_cave_pools, trog_book, minmay_misc_feat_rugged

Skill      XL: |  1  2  3  4  5  6  7  8 |
---------------+-------------------------+-----
Ranged Weapons | 5 6 7 8 9 10 | 10.0
Fighting       | |  2.4
Dodging        | |  2.1
Stealth        | |  0.8

Action                     |  1- 3 |  4- 6 |  7- 9 || total
---------------------------+-------+-------+-------++-------
   Fire: Shortbow          |    87 |   150 |    80 ||   317
 Armour: Leather armour    |    11 |    24 |       ||    35
         Troll leather arm |       |     7 |    17 ||    24
  Dodge: Dodged            |    17 |    47 |    31 ||    95

Table legend: (Time is in decaauts)
 A = Elapsed time spent in this place.
 B = Non-inter-level travel time spent in this place.
 C = Inter-level travel time spent in this place.
 D = Time resting spent in this place.
 E = Time spent auto-exploring this place.
 F = Levels seen in this place.
 G = Mean time per level.
                   A        B        C        D        E       F      G
               +--------+--------+--------+--------+--------+-----+--------+
         Total |   3811 |   3596 |    215 |     85 |   2784 |   6 |  635.2 |
       Dungeon |   3811 |   3596 |    215 |     85 |   2784 |   6 |  635.2 |
               +--------+--------+--------+--------+--------+-----+--------+

Top non-repeatable levels by time:
     D:1: 1064 daAuts
     D:3: 740 daAuts
     D:5: 689 daAuts
     D:4: 667 daAuts
     D:2: 612 daAuts
     D:6: 36 daAuts
